 Dungeon Sprint DCSS version 0.21-a0-39-g28ea6b7 (webtiles) character file.

490 Kidiri the Thaumaturge (level 6, -8/39 HPs)
             Began as a Deep Elf Fire Elementalist on May 31, 2017.
             Mangled by a tyrant leech (17 damage)
             ... in the Dungeon (Sprint II: "The Violet Keep of Menkaure").
             The game lasted 00:00:57 (122 turns).

Kidiri the Thaumaturge (Deep Elf Fire Elementalist)  Turns: 122, Time: 00:00:58

Health: -8/39      AC:  2    Str:  5    XL:     6   Next: 90%
Magic:  7/21       EV: 16    Int: 22    God:
Gold:   243        SH:  0    Dex: 15    Spells: 8/26 levels left

rFire    . . .     SeeInvis .   (no weapon)
rCold    . . .     Gourm    .   (no shield)
rNeg     . . .     Faith    .   a - +0 robe
rPois    .         Spirit   .   (no helmet)
rElec    .         Reflect  .   (no cloak)
rCorr    .         Harm     .   (no gloves)
MR       .....     NoTele   +   (no boots)
Stlth    ++........             (no amulet)
Regen    0.2/turn               (no ring)
MPRegen  0.2/turn               (no ring)

@: no status effects
A: no striking features
a: no special abilities


You were in the Dungeon.
You were not hungry.

You visited 1 branch You collected 243 gold pieces.

Inventory:

Armour
 a - a +0 robe (worn)
Scrolls
 i - a scroll of blinking
Potions
 e - a potion of heal wounds
 f - a potion of haste
 h - a potion of berserk rage
Books
 b - a book of Flames

   Spells                             Type                      Level
   a - Flame Tongue                   Conjuration/Fire             1
   b - Throw Flame                    Conjuration/Fire             2
   c - Conjure Flame                  Conjuration/Fire             3
   d - Inner Flame                    Hexes/Fire                   3
   e - Sticky Flame                   Conjuration/Fire             4
   f - Fireball                       Conjuration/Fire             5
Comestibles
 c - a bread ration


   Skills:
 + Level 4.4 Fighting
 + Level 4.4 Armour
 + Level 7.0 Dodging
 - Level 2.4 Stealth
 * Level 10.7 Spellcasting
 + Level 6.2 Conjurations
 + Level 6.9 Fire Magic


You had 8 spell levels left.
You knew the following spells:

 Your Spells              Type           Power        Failure   Level  Hunger
a - Flame Tongue          Conj/Fire      #####        1%          1    None
b - Throw Flame           Conj/Fire      #####.       1%          2    None
c - Conjure Flame         Conj/Fire      #####...     1%          3    None
d - Inner Flame           Hex/Fire       ####....     4%          3    None
e - Sticky Flame          Conj/Fire      #####...     3%          4    #......
f - Fireball              Conj/Fire      #####.....   11%         5    ####...


Dungeon Overview and Level Annotations

Branches:
Dungeon (1/1)

Altars:


Message History

The tyrant leech is almost dead.
The tyrant leech burns!
You kill the tyrant leech!
Your Fighting skill increases to level 4!
Your Armour skill increases to level 4!
Your Dodging skill increases to level 7!
Your Spellcasting skill increases to level 10!
Your Conjurations skill increases to level 6!
Casting: Flame Tongue
Confirm with . or Enter, or press ? or * to list all spells.
Aiming: Sticky Flame
Press: ? - help, Shift-Dir - straight line, f - tyrant leech
Aim: a tyrant leech (flame)
The sticky flame hits the tyrant leech.
The tyrant leech is lightly wounded.
The tyrant leech is covered in liquid flames!
The tyrant leech burns!
The tyrant leech is engulfed in blazing flames.
The tyrant leech bites you!
You die...

## ## ##.
$## .. ..
### .#.
##.###w#
#.).##@##
+.#.+.<.+
#...##.##
##.###+#
###


You could see a tyrant leech (burning).

Vanquished Creatures
  A merfolk siren (D)
  A tyrant leech (D)
2 creatures vanquished.

Notes
Turn   | Place    | Note
-------+----------+-------------------------------------------
     0 | D        | Kidiri the Deep Elf Fire Elementalist began the quest for the Orb.
     0 | D        | Reached XP level 1. HP: 10/10 MP: 6/6
     1 | D        | Noticed a tyrant leech
     1 | D        | Noticed a tyrant leech
     5 | D        | Noticed a merfolk siren
    22 | D        | Killed a merfolk siren
    22 | D        | Reached skill level 9 in Spellcasting
    22 | D        | Reached skill level 5 in Conjurations
    22 | D        | Reached XP level 2. HP: 20/20 MP: 4/14
    22 | D        | Reached XP level 3. HP: 24/24 MP: 4/15
    22 | D        | Reached XP level 4. HP: 29/29 MP: 4/17
    22 | D        | Reached XP level 5. HP: 33/33 MP: 4/18
    22 | D        | Reached XP level 6. HP: 38/38 MP: 4/20
    26 | D        | Learned a level 2 spell: Throw Flame
    30 | D        | Learned a level 3 spell: Conjure Flame
    34 | D        | Learned a level 3 spell: Inner Flame
    39 | D        | Learned a level 4 spell: Sticky Flame
    45 | D        | Learned a level 5 spell: Fireball
   121 | D        | Killed a tyrant leech
   121 | D        | Reached skill level 10 in Spellcasting
   122 | D        | Mangled by a tyrant leech

Vault maps used:
D:        the_violet_keep_of_menkaure

Skill      XL: |  1  2  3  4  5  6 |
---------------+-------------------+-----
Fighting       | 3 4 |  4.4
Armour         | 3 4 |  4.4
Dodging        | 6 7 |  7.0
Spellcasting   | 9 10 | 10.7
Conjurations   | 5 6 |  6.2
Fire Magic     | 6 |  6.9
Stealth        | |  2.4

Action                   |  1- 3 |  4- 6 || total
-------------------------+-------+-------++-------
 Cast: Flame Tongue      |    14 |     4 ||    18
       Sticky Flame      |       |     2 ||     2
       Conjure Flame     |       |     1 ||     1
  Use: Potion            |     2 |     1 ||     3
Dodge: Dodged            |       |     2 ||     2
